cohdb
Replays
Latest Replays
All Replays
Popular Replays
Top Player Replays
Match Explorer
How It Works
Community
CoH3 Stats
Reddit
Sign in to upload your games and track your stats! →
Sign in with Steam
Match 37906194
Unlisted
Match 37906194
Overview
Messages
Build Orders
End
Selects Italian Combined Arms Battlegroup
Selects Bersaglieri Squad
Bersaglieri Squad
Kradschützen Motorcycle Team
Bersaglieri Squad
Bersaglieri Squad
Construct Light Support Kompanie
Selects Bersaglieri Bolster
MG34 Team
Bersaglieri Squad
(502) Bad Gateway
KeineLust
0
0
Comments
sign in to comment!
No comments posted yet!